 Dungeon Crawl Stone Soup version 0.29-a0-620-g13ace881f2 (webtiles) character file.

Game seed: 12598318434006665948

373 CrazyBamboolord the Cutter (level 7, -3/44 HPs)
             Began as a Kobold Fighter on June 18, 2022.
             Splashed by a jelly's acid (10 damage)
             ... on level 6 of the Dungeon.
             The game lasted 00:08:56 (4685 turns).

CrazyBamboolord the Cutter (Kobold Fighter)         Turns: 4685, Time: 00:08:56

Health: -3/44      AC:  8    Str: 13 (14) XL:     7   Next: 3%
Magic:  16/16      EV: 11    Int:  7 (9)  God:
Gold:   255        SH:  5    Dex: 14 (16) Spells: 6/6 levels left

rFire   + . .      SeeInvis +   a - +2 rapier
rCold   + . .      Faith    .   c - +0 buckler
rNeg    . . .      Spirit   .   b - +0 scale mail
rPois   .          Reflect  .   (no helmet)
rElec   .          Harm     .   m - scarf {rC+ rF+}
rCorr   .          Rampage  .   g - +0 pair of gloves
Will    .....                   (no boots)
Stlth   +.........              (no amulet)
HPRegen 0.14/turn               e - ring of see invisible
MPRegen 0.15/turn               i - ring of magical power

@: no status effects
A: small, no large weapons, nightstalker 3
a: no special abilities


You were on level 6 of the Dungeon.
You visited 2 branches of the dungeon, and saw 7 of its levels.

You collected 255 gold pieces.

Inventory:

Hand Weapons
 a - a +2 rapier (weapon)
Armour
 b - a +0 scale mail (worn)
 c - a +0 buckler (worn)
 g - a +0 pair of gloves (worn)
 m - a scarf of resistance (worn)
Jewellery
 e - a ring of see invisible (left hand)
 i - a ring of magical power (right hand)
Wands
 q - a wand of flame (18)
Scrolls
 h - a scroll of identify {unknown}
 j - 3 scrolls of teleportation
 n - a scroll of amnesia {unknown}
 p - a scroll of vulnerability {unknown}
Potions
 d - 2 potions of might
 k - a potion of degeneration
 l - 2 potions of cancellation
 o - a potion of curing


   Skills:
 * Level 4.5 Fighting
 * Level 6.0 Short Blades
 + Level 3.6 Armour
 * Level 2.2 Dodging
 + Level 2.7 Shields


You had 6 spell levels left.
You didn't know any spells.
Your spell library contained the following spells:

 Spells                   Type           Power      Damage    Failure   Level
 Apportation              Tloc           0%         N/A       97%         1
 Ozocubu's Armour         Ice            0%         N/A       100%        3
 Animate Dead             Necr           0%         N/A       100%        4
 Alistair's Intoxication  Tmut/Pois      0%         N/A       100%        5
 Borgnjor's Vile Clutch   Necr/Erth      0%         N/A       100%        5
 Death Channel            Necr           0%         N/A       100%        6
 Ozocubu's Refrigeration  Ice            0%         4d5       100%        7


Dungeon Overview and Level Annotations

Branches:
Dungeon (7/15)             Temple (1/1) D:4

Altars:
Ashenzari
Dithmenos
Elyvilon
Fedhas
Hepliaklqana
Kikubaaqudgha
Nemelex Xobeh
Okawaru
Qazlal
Ru
Trog
Zin

Annotations:
D:4 1 runed translucent door, Sat's ghost, novice GrHu


Innate Abilities, Weirdness & Mutations

You are small and have problems with some larger weapons.
You are completely attuned to the shadows.


Message History

The jelly hits you.
* * * LOW HITPOINT WARNING * * *
You are splashed with acid!
* * * LOW HITPOINT WARNING * * *
It was a potion of cancellation.
Your magical effects are unravelling.
You feel magically purged.
You are no longer corroded.
You block the jelly's attack. The jelly attacks as you move away!
The jelly barely misses you.
It was a potion of attraction.
You feel attractive to monsters. The jelly hits you but does no damage.
It was a potion of degeneration.
There was something very wrong with that liquid.
You feel weakened.
You feel dopey.
You feel clumsy. The jelly misses you.
It was a potion of curing.
You feel better. The jelly hits you.
* * * LOW HITPOINT WARNING * * *
You are splashed with acid.
* * * LOW HITPOINT WARNING * * *
The white imp is attracted toward you. The white imp is attracted toward you.
The white imp is attracted toward you. The white imp is attracted toward you.
The white imp is attracted toward you. The jelly attacks as you move away!
The jelly barely misses you. The jelly attacks as you move away!
You block the jelly's attack.
Things that are here:
a +0 dagger; a +0 robe; an orc corpse The white imp is attracted toward you.
Items here: ( )))) [[ †††.
The white imp is attracted toward you. The white imp is attracted toward you.
The white imp is attracted toward you. The white imp is attracted toward you.
You feel less attractive to monsters. The jelly attacks as you move away!
The jelly hits you.
* * * LOW HITPOINT WARNING * * *
You are splashed with acid!
You die...

############
#.@J.5.§§§.#
#.#.########.#
#....#######.#
....$§....§5..#
##.........##.#
.......>#.##.#
........#.##..
.......#.# .##
.....)#.#


You could see a jelly and a white imp.

Vanquished Creatures
  A black bear (D:4)
  A scorpion (D:4)
  A howler monkey (D:6)
  2 orc wizards
  3 adders
  A worm (D:3)
  A dart slug (D:3)
  12 orcs
  5 bats
  5 endoplasms
  3 giant cockroaches
  10 hobgoblins
  4 jackals (D:2)
  3 quokkas
  11 ball pythons
  2 frilled lizards
  10 goblins
  8 kobolds
  6 rats
89 creatures vanquished.

Notes
Turn   | Place    | Note
-------+----------+-------------------------------------------
     0 | D:1      | CrazyBamboolord the Kobold Fighter began the quest for the
                  | Orb.
     0 | D:1      | Reached XP level 1. HP: 14/14 MP: 1/1
   118 | D:1      | Found a faded altar of an unknown god.
   360 | D:1      | Reached XP level 2. HP: 19/19 MP: 2/2
   498 | D:1      | Reached skill level 3 in Short Blades
   885 | D:1      | Reached XP level 3. HP: 23/24 MP: 3/3
  1521 | D:2      | Reached XP level 4. HP: 29/29 MP: 4/4
  1563 | D:2      | Reached skill level 1 in Dodging
  2000 | D:3      | Reached skill level 4 in Short Blades
  2004 | D:3      | HP: 1/29 [worm (9)]
  2568 | D:3      | Found a white marble altar of Elyvilon.
  2742 | D:3      | Found a bloodstained altar of Trog.
  3403 | D:4      | Reached XP level 5. HP: 30/33 MP: 5/5
  3587 | D:4      | Reached skill level 5 in Short Blades
  3869 | D:4      | Noticed a black bear
  3896 | D:4      | Killed a black bear
  3897 | D:4      | Reached XP level 6. HP: 16/39 MP: 6/6
  4155 | D:4      | Found a runed translucent door.
  4157 | D:4      | Noticed Sat's ghost (novice GrHu)
  4203 | D:4      | Found a staircase to the Ecumenical Temple.
  4231 | Temple   | Entered the Ecumenical Temple
  4444 | D:4      | Reached skill level 6 in Short Blades
  4522 | D:4      | You fall into a shaft and drop 3 floors!
  4593 | D:7      | Noticed a sky beast
  4648 | D:6      | Reached XP level 7. HP: 16/44 MP: 7/7
  4685 | D:6      | Splashed by a jelly's acid

Illustrated notes

Levels and vault maps discovered:
D:1:      grunt_arrival_lava_bath, layout_loops_ring, basic_ecumenical_altar,
          minmay_misc_feat_enclosed, hangedman_feature_mirror, minmay_tripent
D:2:      layout_loops_cross, minivault_24, dk_noncrumbling_4, solitary_fountain
D:3:      layout_loops_ring, mainiacjoe_overflow_paths,
          nicolae_overflow_hidden_temple, minmay_misc_feat_secret_circle
D:4:      layout_cave_pools, minmay_temple_entry_wispy,
          ebering_ghost_inner_flame
D:6:      layout_loops_ring, minmay_circle_x
D:7:      layout_loops_ring, serial_co_window_serial, co_window_corner_a,
          co_window_paths_a, co_window_of_opportunity_a, co_window_paths_a,
          co_window_corner_a, co_window_corner_a, co_window_corner_a,
          co_window_broadway_b, co_window_paths_c, co_window_broadway_a,
          co_window_of_opportunity_c, co_window_of_opportunity_b,
          glass_columns_c, uniq_joseph
Temple:   eino_wide_crystal_templ

Skill      XL: |  1  2  3  4  5  6 |
---------------+-------------------+-----
Short Blades   | 3 4 5 6 |  6.0
Fighting       | 4 |  4.5
Dodging        | 1 2 |  2.2
Armour         | 3 |  3.6
Shields        | |  2.7

Action                   |  1- 3 |  4- 6 |  7- 9 || total
-------------------------+-------+-------+-------++-------
Melee: Rapier            |   100 |   201 |    10 ||   311
  Use: Scroll            |       |     3 |       ||     3
       Potion            |       |       |     4 ||     4
 Stab: Sleeping          |     1 |       |       ||     1
Armor: Scale mail        |    46 |    77 |     2 ||   125
Dodge: Dodged            |    50 |    84 |     5 ||   139
Block: Buckler           |    17 |    48 |     5 ||    70

Table legend: (Time is in decaauts)
 A = Elapsed time spent in this place.
 B = Non-inter-level travel time spent in this place.
 C = Inter-level travel time spent in this place.
 D = Time resting spent in this place.
 E = Time spent auto-exploring this place.
 F = Levels seen in this place.
 G = Mean time per level.
                   A        B        C        D        E       F      G
               +--------+--------+--------+--------+--------+-----+--------+
         Total |   4700 |   4501 |    199 |    582 |   3153 |   7 |  671.4 |
       Dungeon |   4511 |   4333 |    178 |    491 |   3153 |   6 |  751.8 |
        Temple |    189 |    168 |     21 |     91 |      0 |   1 |  189.0 |
               +--------+--------+--------+--------+--------+-----+--------+

Top non-repeatable levels by time:
     D:1: 1183 daAuts
     D:3: 1176 daAuts
     D:2: 1047 daAuts
     D:4: 942 daAuts
  Temple: 189 daAuts
     D:6: 84 daAuts
     D:7: 76 daAuts
